 Dungeon Crawl Stone Soup version 0.31-a0-1074-g0b22e4e0f1 (webtiles) character file.

Game seed: 6489413244443708891

37 drugrobin the Sneak (level 3, -5/30 HPs)
             Began as a Demigod Delver on Dec 7, 2023.
             Succumbed to a scorpion's poison
             ... on level 4 of the Dungeon.
             The game lasted 00:03:06 (493 turns).

drugrobin the Sneak (Demigod Delver)                 Turns: 493, Time: 00:03:07

Health: -5/30      AC:  3    Str: 13    XL:     3   Next: 8%
Magic:  5/5        EV: 12    Int: 12    God:
Gold:   38         SH:  5    Dex: 19    Spells: 2/2 levels left

rFire   . .          .
                       - Unarmed
rCold   . . .        (no shield)
rNeg    . . .        a - +0 leather armour
rPois   .            (no helmet)
rElec   .            (no cloak)
rCorr   .            (no gloves)
SInv    .            (no boots)
Will    .....        i - amulet of reflection
Stlth   +++          (no ring)
HPRegen 0.25/turn    (no ring)
MPRegen 0.09/turn

%: reflection
@: lethally poisoned (-5 -> -39)
A: high MP 1, forlorn, divine attributes
a: no special abilities


You were on level 4 of the Dungeon.
You visited 1 branch of the dungeon, and saw 2 of its levels.

You collected 38 gold pieces.

Inventory:

Armour
 a - a +0 leather armour (worn)
 h - a +0 chain mail
Jewellery
 i - an amulet of reflection (around neck)
Wands
 f - a wand of digging (2)
Scrolls
 b - a scroll of fog
 d - a scroll of fear
Potions
 e - a potion of haste


   Skills:
 - Level 2.6 Fighting
 - Level 1.7 Dodging
 - Level 4.5 Stealth
 + Level 3.4 Unarmed Combat


You had 2 spell levels left.
You didn't know any spells.
Your spell library was empty.

Dungeon Overview and Level Annotations

Branches:
Dungeon (5/15)
 Temple: D:4-7


Innate Abilities, Weirdness & Mutations

You have an increased reservoir of magic. (+10% MP)
You shall have no god before yourself.
Your divine heritage dramatically boosts your attributes as you level up.


Message History

You barely miss the scorpion.
The scorpion is severely wounded.
The scorpion stings you.
You closely miss the scorpion.
The scorpion is severely wounded.
The scorpion stings you.
You hit the scorpion but do no damage.
The scorpion is severely wounded.
You block the scorpion's attack.
You hit the scorpion but do no damage.
The scorpion is severely wounded.
The scorpion closely misses you.
You hit the scorpion but do no damage.
The scorpion is severely wounded.
The scorpion stings you.
You are poisoned.
The scorpion poisons you!
You barely miss the scorpion.
The scorpion is severely wounded.
You feel very sick. The scorpion misses you.
You hit the scorpion but do no damage.
The scorpion is severely wounded.
You feel very sick. The scorpion stings you.
You are lethally poisoned!
The scorpion poisons you! The scorpion stings you.
You hit the scorpion.
The scorpion is almost dead.
* * * LOW HITPOINT WARNING * * *
You feel very sick. The scorpion stings you.
* * * LOW HITPOINT WARNING * * *
You are more poisoned.
The scorpion poisons you!
Okay, then.
As you read the scroll labelled UFAUL ODIB, it crumbles to dust.
It is a scroll of identify.
You don't currently have any unidentified items.
You die...

*****
**,,,###############
**,,,,.##############
**,,,*,.P#############
**,,,***..P############
**,,*,,**..P.###########
*,,**,***♣♣.P###########
*,,,**,**...P###########
*,,,,,,*,......s@....###
*,,,,,,,,....#######.###
,,***,,,,...########.###
,** **,,,..#########.###
,* ****###########.###
,* ##............# ,****
#♣♣♣♣♣#####.#.# ,,,,*
##♣...♣P♣####.#.# ,**,*
#......♣* ##.#,#


You could see a scorpion.

Vanquished Creatures
  A hound (D:4)
  A dart slug (D:4)
  An orc (D:5)
  A goblin (D:4)
  A kobold (D:4)
5 creatures vanquished.

Notes
Turn   | Place    | Note
-------+----------+-------------------------------------------
     0 | D:5      | drugrobin the Demigod Delver began the quest for the Orb.
     0 | D:5      | Reached XP level 1. HP: 18/18 MP: 3/3
    47 | D:5      | Noticed a steam dragon
    47 | D:5      | Noticed a kobold brigand
   209 | D:4      | Noticed a scorpion
   327 | D:4      | Noticed a hound
   360 | D:4      | Killed a hound
   361 | D:4      | Reached XP level 2. HP: 6/25 MP: 4/4
   361 | D:4      | Reached XP level 3. HP: 7/30 MP: 5/5
   493 | D:4      | Succumbed to a scorpion's poison

Illustrated notes

Levels and vault maps discovered:
D:4:      layout_loops_ring, serial_shops, shop,
          mainiacjoe_sewer_entry_somewhere_in_here_2, serial_forest,
          infiniplex_forest_end_1, infiniplex_forest_clump_curved,
          infiniplex_forest_end_1, infiniplex_forest_end_2,
          infiniplex_forest_side_room, infiniplex_forest_clump_cross,
          uniq_duvessa, uniq_natasha, uniq_grinder
D:5:      layout_gridville, nicolae_overflow_hidden_temple,
          minmay_temple_entry_overgrown, minmay_manual_monstrance

Skill      XL: |  1 |
---------------+----+-----
Unarmed Combat | 3 |  3.4
Fighting       | |  2.6
Dodging        | |  1.7
Stealth        | |  4.5

Action                     || total
---------------------------++-------
  Melee: Unarmed           ||    75
         Punch             ||     1
  Evoke: Wand              ||     1
    Use: Scroll            ||     2
   Stab: Sleeping          ||     1
 Armour: Leather armour    ||    31
         Chain mail        ||    16
  Dodge: Dodged            ||    32
  Block: Other             ||     4

Table legend: (Time is in decaauts)
 A = Elapsed time spent in this place.
 B = Non-inter-level travel time spent in this place.
 C = Inter-level travel time spent in this place.
 D = Time resting spent in this place.
 E = Time spent auto-exploring this place.
 F = Levels seen in this place.
 G = Mean time per level.
                   A        B        C        D        E       F      G
               +--------+--------+--------+--------+--------+-----+--------+
         Total |    490 |    476 |     14 |     44 |      4 |   2 |  245.0 |
       Dungeon |    490 |    476 |     14 |     44 |      4 |   2 |  245.0 |
               +--------+--------+--------+--------+--------+-----+--------+

Top non-repeatable levels by time:
     D:4: 252 daAuts
     D:5: 238 daAuts
